 Dungeon Crawl Stone Soup version 0.21-a0-509-gecc5317 (webtiles) character file.

18 tof the Skirmisher (level 2, -3/24 HPs)
             Began as a Demonspawn Monk on Nov 29, 2017.
             Slain by a gnoll
             ... wielding a +0 spear
              (8 damage)
             ... on level 1 of the Dungeon.
             The game lasted 00:01:08 (1356 turns).

tof the Skirmisher (Demonspawn Monk)                Turns: 1356, Time: 00:01:09

Health: -3/24      AC:  2    Str: 11    XL:     2   Next: 48%
Magic:  2/2        EV: 12    Int: 11    God:
Gold:   53         SH:  6    Dex: 17    Spells: 1/1 levels left

rFire    . . .     SeeInvis .   a - +0 falchion
rCold    . . .     Gourm    .   j - +2 buckler
rNeg     . . .     Faith    .   b - +0 robe
rPois    .         Spirit   .   (no helmet)
rElec    .         Reflect  .   (no cloak)
rCorr    .         Harm     .   (no gloves)
MR       .....                  (no boots)
Stlth    +++.......             (no amulet)
HPRegen  0.08/turn              (no ring)
MPRegen  0.08/turn              (no ring)

@: no status effects
A: thin skeletal structure 1
a: no special abilities


You were on level 1 of the Dungeon.
You were not hungry.

You visited 1 branch of the dungeon, and saw 2 of its levels.

You collected 53 gold pieces.

Inventory:

Hand Weapons
 a - a +0 falchion (weapon)
Missiles
 n - 2 tomahawks (quivered)
Armour
 b - a +0 robe (worn)
 j - a +2 buckler (worn)
Scrolls
 d - a scroll of immolation {unknown}
 e - 4 scrolls of amnesia {unknown}
 f - a scroll of fog {unknown}
 k - a scroll of random uselessness {unknown}
 l - 2 scrolls of teleportation {unknown}
Potions
 i - a potion of curing {unknown}
 m - a potion of mutation {unknown}
Comestibles
 c - a bread ration
 g - a meat ration
 h - 2 royal jellies
 o - a chunk of flesh
 p - 3 fruits


   Skills:
 + Level 3.1 Fighting
 * Level 3.0 Long Blades
 + Level 2.8 Dodging
 + Level 2.0 Stealth
 + Level 0.2 Shields


You had one spell level left.
You didn't know any spells.

Dungeon Overview and Level Annotations

Branches:
Dungeon (2/15)

Altars:


Innate Abilities, Weirdness & Mutations

You have a somewhat thin skeletal structure. (Dex +2, Stealth)


Message History

The gnoll is lightly wounded.
The quokka barely misses you. The gnoll barely misses you.
You riposte.
You hit the gnoll but do no damage.
The gnoll is lightly wounded.
You barely miss the gnoll.
The gnoll is lightly wounded.
You block the quokka's attack. The gnoll barely misses you.
You riposte.
You hit the gnoll.
The gnoll is heavily wounded.
You block the quokka's attack.
You closely miss the gnoll.
The gnoll is heavily wounded.
The quokka closely misses you. The gnoll hits you with a spear.
* * * LOW HITPOINT WARNING * * *
Sorry, you're not good enough to have a special ability.
You hit the gnoll.
The gnoll is heavily wounded.
The quokka barely misses you.
You riposte.
You closely miss the quokka. The gnoll hits you with a spear!
You die...

######################
#...r@g...............
#.#########..####..... #.# #..#
##.#### #.# #..###...##. ### #.#
#######..##.....#.
..##########)###.................
#............#....(.##.###.....#.
###########..#...###..........###
#..#...# ##..#####.....


You could see a gnoll and a quokka.

Vanquished Creatures
  A dart slug (D:1)
  A bat (D:1)
  3 goblins (D:1)
  3 hobgoblins (D:1)
  A frilled lizard (D:1)
  3 kobolds
  2 rats (D:1)
14 creatures vanquished.

Notes
Turn   | Place    | Note
-------+----------+-------------------------------------------
     0 | D:1      | tof the Demonspawn Monk began the quest for the Orb.
     0 | D:1      | Reached XP level 1. HP: 18/18 MP: 1/1
   614 | D:1      | Gained mutation: You have a somewhat thin skeletal structure. (Dex +2, Stealth) [demonic ancestry]
   614 | D:1      | Reached XP level 2. HP: 24/24 MP: 2/2
  1356 | D:1      | Slain by a gnoll

Vault maps used:
D:1:      dpeg_arrival_lava_temple_mockup
D:2:      uniq_crazy_yiuf_cottage

Skill      XL: |  1  2 |
---------------+-------+-----
Stealth        | 2 |  2.0
Long Blades    | 3 |  3.0
Fighting       | |  3.1
Dodging        | |  2.8
Shields        | |  0.2

Action                   || total
-------------------------++-------
Melee: Falchion          ||    59
 Stab: Sleeping          ||     3
  Eat: Chunk             ||     1
Armor: Robe              ||    15
Dodge: Dodged            ||    43
Block: Buckler           ||    11
       Rpst.: Falchion   ||    16

Table legend:
 A = Spawn XP
 B = Non-spawn XP
 C = Spawn XP percentage of total XP
 D = Spawn monster count
 E = Non-spawn monster count
 F = Spawn count percentage of total count
 G = Total turns spent on level
                    A         B        C        D         E        F      G
               +---------+---------+-------+---------+---------+-------+---------
         Total |       0 |      26 |   0.0 |       0 |      14 |   0.0 |  1356
               +---------+---------+-------+---------+---------+-------+---------
           D:1 |       0 |      24 |   0.0 |       0 |      13 |   0.0 |  1335
           D:2 |       0 |       2 |   0.0 |       0 |       1 |   0.0 |    21
               +---------+---------+-------+---------+---------+-------+---------
